Map: King Sejong Station LE

Players

PREDATOR

  • Race: Terran Terran
  • Spawn Location: 11:00

Fropez - Winner!

  • Race: Protoss Protoss
  • League: Gold
  • Spawn Location: 5:00

VOD

Have the link to the VOD?

Description

Time

  • Played on: Oct. 19, 2016, 12:18 p.m.
  • Length: 12:59
Show
View Real Time Build Order
Export as new Build Order

PREDATOR Terran 

Build Orders: 1/1/1 

Get SALT Encoding   

  12  0:01  SCV  
  13  0:13  SCV  
  14  0:18  Supply Depot  
  14  0:25  SCV  
  15  0:31  Refinery  
  15  0:44  Barracks  
  15  0:49  SCV  
  16  1:01  SCV  
  16  1:03  Supply Depot  
  17  1:13  SCV  
  18  1:31  Orbital Command  
  18  1:37  Factory  
  18  1:41  Marine  
  19  1:48  Refinery  
  19  2:09  SCV  
  19  2:22  SCV  
  20  2:23  Starport, Factory Tech Lab  
  20  2:27  Marine  
  21  2:45  Marine  
  21  2:46  SCV  
  21  2:48  Siege Tank  
  26  3:01  Medivac  
  26  3:02  Marine  
  29  3:20  Marine  
  30  3:29  SCV  
  30  3:30  Command Center  
  31  3:44  Supply Depot  
  31  3:49  Starport Reactor  
  30  4:06  Marine  
  30  4:07  Siege Tank  
  34  4:22  Barracks  
  34  4:23  Marine  
  35  4:41  Marine  
  35  4:45  Orbital Command  
  36  4:51  Siege Tank  
  39  4:55  SCV  
  40  5:10  Engineering Bay  
  40  5:16  Marine  
  42  5:25  Barracks Tech Lab  
  41  5:29  SCV  
  41  5:34  SCV  
  43  5:47  Marine x2  
  43  5:49  SCV  
  46  5:50  SCV  
  46  5:51  Viking  
  46  5:55  Siege Tank  
  52  6:02  Supply Depot  
  52  6:19  Marine x2  
  53  6:37  Marine x2, Siege Tank  
  53  6:38  SCV  
  53  6:39  SCV  
  60  6:55  Marine x2  
  62  7:33  Supply Depot  
  62  7:35  Marine  
  62  7:36  Marine  
  62  7:41  Siege Tank  
  58  7:51  SCV x2  
  58  7:53  Marine  
  58  7:54  Marine  
  58  8:03  SCV x2  
  60  8:10  Marine  
  60  8:12  Marine  
  62  8:15  SCV x2  
  64  8:27  SCV x2  
  64  8:28  Siege Tank, Marine  
  70  8:37  Supply Depot  
  70  8:39  Marine  
  70  8:40  Supply Depot  
  70  8:43  SCV  
  69  8:50  Viking  
  69  8:58  Viking  
  69  9:02  Marine  
  70  9:08  Siege Tank  
  66  9:27  Marine x2  
  65  9:45  Marine x2  
  66  9:49  Orbital Command  
  67  10:03  Supply Depot  
  67  10:04  Supply Depot  
  67  10:05  Barracks  
  63  10:24  Marine x2  
  54  10:42  Marine x2  
  37  11:00  Marine x2  
  39  11:04  Barracks Reactor  
  39  11:05  Barracks  
  39  11:17  Marine  
  39  11:18  Marine  
  41  11:35  Marine x2  
  41  11:37  Orbital Command  
  39  11:43  SCV  
  32  11:55  SCV  
  32  11:57  Marine  
  32  11:58  Marine x2  
  37  12:07  Barracks Reactor, SCV  
  37  12:11  Siege Tank  
  40  12:15  Marine x2  
  40  12:16  Barracks Reactor  
  40  12:20  Marine  
  43  12:33  Marine x2  
  45  12:38  Marine  
  45  12:39  Missile Turret  
  45  12:41  Missile Turret  
  46  12:48  Missile Turret  
Show
View Real Time Build Order
Export as new Build Order

Fropez Protoss - Winner!

Build Orders:  

Get SALT Encoding   

  12  0:01  Probe (Chrono Boost)  
  13  0:20  Pylon, Probe (Chrono Boost)  
  14  0:31  Probe (Chrono Boost)  
  15  0:38  Gateway  
  15  0:42  Probe (Chrono Boost)  
  16  0:52  Probe (Chrono Boost)  
  16  0:53  Assimilator  
  17  1:03  Probe (Chrono Boost)  
  18  1:14  Probe (Chrono Boost)  
  19  1:25  Cybernetics Core  
  19  1:28  Probe (Chrono Boost)  
  20  1:38  Pylon  
  20  1:39  Probe (Chrono Boost)  
  21  2:11  Warp Gate  
  21  2:12  Gateway  
  21  2:13  Gateway, Mothership Core (Chrono Boost)  
  23  2:16  Pylon  
  23  2:25  Pylon  
  23  2:31  Probe (Chrono Boost)  
  23  2:33  Pylon  
  23  2:34  Pylon  
  23  2:42  Probe (Chrono Boost)  
  24  2:52  Probe (Chrono Boost)  
  25  2:58  Assimilator  
  25  3:01  Stalker (Chrono Boost)  
  25  3:04  Probe  
  25  3:05  Stalker (Chrono Boost)  
  30  3:11  Stalker (Chrono Boost)  
  32  3:16  Probe  
  33  3:28  Probe  
  34  3:35  Pylon  
  34  3:40  Probe  
  35  3:44  Pylon  
  35  3:56  Probe  
  35  3:59  Gateway x2  
  36  4:15  Stalker x3  
  42  4:27  Probe  
  43  4:39  Probe  
  44  4:46  Nexus  
  44  4:51  Probe  
  45  4:52  Pylon  
  45  5:03  Probe  
  46  5:12  Twilight Council  
  46  5:15  Probe  
  45  5:27  Probe  
  46  5:39  Probe  
  46  5:40  Stalker x2  
  46  5:41  Stalker x3  
  57  5:49  Resonating Glaives  
  57  5:51  Probe  
  58  6:15  Adept  
  58  6:16  Adept x4  
  66  6:39  Pylon  
  66  6:45  Stalker x2  
  70  6:48  Pylon  
  70  6:53  Probe  
  71  6:59  Stalker  
  71  7:00  Stalker  
  75  7:06  Probe  
  74  7:12  Robotics Facility  
  74  7:14  Stalker x2  
  76  7:30  Blink (Chrono Boost)  
  74  7:57  Stalker x5  
  82  8:01  Warp Prism  
  82  8:11  Probe  
  82  8:12  Probe  
  83  8:18  Assimilator  
  84  8:21  Assimilator  
  84  8:24  Probe  
  85  8:30  Pylon  
  85  8:39  Pylon  
  85  8:55  Adept x2  
  87  8:56  Adept x3  
  83  9:18  Pylon  
  83  9:22  Gateway  
  83  9:24  Forge  
  83  9:25  Adept  
  83  9:26  Adept x4  
  78  9:51  Adept  
  78  9:52  Adept x4  
  58  10:39  Stalker x3  
  58  10:40  Stalker x2  
  64  11:21  Adept x3  
  64  11:22  Adept x3  
  60  11:56  Adept  
  60  11:57  Adept x5  
  72  12:03  Probe  
  72  12:04  Probe  
  74  12:12  Mothership Core  
  76  12:27  Observer  
  77  12:30  Adept x4  
Tags
 
League
Gold
Matchup
PvT
Opening
1/1/1
Replay Pack
All Mines
Spawn Locations
Cross Positions
Add a new tag
Caveats
  • Supply blocks, unpowered buildings, or Contaminate may cause inaccurate times.
  • Supply counts are checked every 10 seconds.